 Dungeon Crawl Stone Soup version 0.25-a0-292-gaa31f046c4 (webtiles) character file.

Game seed: 14348251192048604038, levelgen mode: deterministic

189 MrRokkomies the Shooter (level 5, -6/43 HPs)
             Began as a Gnoll Wanderer on Dec 15, 2019.
             Was an Initiate of Gozag.
             Splashed by a jelly's acid (9 damage)
             ... on level 4 of the Dungeon.
             The game lasted 00:07:48 (3431 turns).

MrRokkomies the Shooter (Gnoll Wanderer)            Turns: 3431, Time: 00:07:50

Health: -6/43      AC: -6    Str: 13    XL:     5   Next: 68%
Magic:  7/7        EV:  4    Int: 16    God:    Gozag
Gold:   262        SH:  8    Dex: 15    Spells: 7/7 levels left

rFire    + + .     SeeInvis .   a - +0 dagger
rCold    . . .     Gourm    .   e - +0 shield
rNeg     . . .     Faith    .   h - +0 chain mail {rF+}
rPois    .         Spirit   .   (helmet restricted)
rElec    .         Reflect  .   (no cloak)
rCorr    .         Harm     .   (no gloves)
MR       +....                  x - +0 pair of boots
Stlth    ..........             (no amulet)
HPRegen  0.14/turn              v - ring of protection from magic
MPRegen  0.10/turn              (no ring)

@: corroded, lightly drained
A: distributed training, fangs 1, horns 2, fire resistance 1, evolution 1,
strong nose
a: Potion Petition, Call Merchant, Bribe Branch, Renounce Religion


You were on level 4 of the Dungeon.
You worshipped Gozag.
Gozag was aware of your devotion.
You were not hungry.

You visited 1 branch of the dungeon, and saw 4 of its levels.

You collected 262 gold pieces.

Inventory:

Hand Weapons
 a - a +0 dagger (weapon)
Missiles
 i - 135 stones (quivered)
 k - 47 bolts
 r - 29 arrows
Armour
 e - a +0 shield (worn)
 g - a +0 ring mail
 h - a +0 chain mail of fire resistance (worn)
 x - a +0 pair of boots (worn)
Jewellery
 v - a ring of protection from magic (left hand)
Wands
 f - a wand of iceblast (10)
Scrolls
 c - a scroll of teleportation
 l - 3 scrolls of remove curse {unknown}
 n - 4 scrolls of identify {unknown}
 o - a scroll of blinking {unknown}
 p - a scroll of immolation {unknown}
 q - a scroll of enchant armour {unknown}
 t - 2 scrolls of fog {unknown}
 y - a scroll of magic mapping {unknown}
Potions
 b - 3 potions of lignification
 d - a potion of might {unknown}
 m - a potion of heal wounds {unknown}
 s - a potion of degeneration {unknown}
 u - a potion of haste {unknown}
 w - a potion of magic {unknown}
 z - a potion of cancellation {unknown}


   Skills:
 + Level 4.8(4.4) Fighting
 + Level 4.8(4.4) Short Blades
 + Level 1.5(1.2) Long Blades
 + Level 1.5(1.2) Axes
 + Level 1.5(1.2) Maces & Flails
 + Level 1.5(1.2) Polearms
 + Level 1.5(1.2) Staves
 + Level 1.5(1.2) Slings
 + Level 4.8(4.4) Bows
 + Level 1.5(1.2) Crossbows
 + Level 1.5(1.2) Throwing
 + Level 1.5(1.2) Armour
 + Level 3.0(2.6) Dodging
 + Level 4.4(4.0) Stealth
 + Level 3.0(2.6) Shields
 + Level 1.5(1.2) Unarmed Combat
 + Level 1.5(1.2) Spellcasting
 + Level 1.2(0.9) Conjurations
 + Level 1.2(0.9) Hexes
 + Level 1.2(0.9) Charms
 + Level 1.2(0.9) Summonings
 + Level 1.2(0.9) Necromancy
 + Level 1.2(0.9) Translocations
 + Level 1.2(0.9) Transmutations
 + Level 1.2(0.9) Fire Magic
 + Level 1.2(0.9) Ice Magic
 + Level 1.2(0.9) Air Magic
 + Level 1.2(0.9) Earth Magic
 + Level 1.2(0.9) Poison Magic
 + Level 1.7(1.4) Invocations
 + Level 1.5(1.2) Evocations


You had 7 spell levels left.
You didn't know any spells.
Your spell library was empty.

Dungeon Overview and Level Annotations

Branches:
Dungeon (4/15)
 Temple: D:4-7

Altars:
Gozag
Okawaru
Uskayaw


Innate Abilities, Weirdness & Mutations

Your experience applies equally to all skills.
You have very sharp teeth.
Your uncanny sense of smell can sniff out nearby items.
You have a pair of horns on your head.
Your flesh is heat resistant. (rF+)
You evolve.


Message History

You hit the jelly. The acid corrodes you!
Your hands burn!
* * * LOW HITPOINT WARNING * * *
The jelly is almost dead.
You hit the jelly but do no damage.
Your hands burn!
* * * LOW HITPOINT WARNING * * *
The jelly is almost dead.
You block the jelly's attack.
You hit the jelly but do no damage.
Your hands burn!
* * * LOW HITPOINT WARNING * * *
The jelly is almost dead.
The jelly barely misses you.
You hit the jelly but do no damage. The acid corrodes you!
Your hands burn!
* * * LOW HITPOINT WARNING * * *
You headbutt the jelly. You bite the jelly, but do no damage.
The jelly is almost dead.
The jelly hits you.
* * * LOW HITPOINT WARNING * * *
The acid corrodes you!
You are splashed with acid!
You die...
Your body crumbles into a pile of gold.

#..###...######
...(.#....#...#.....
#(...#...['...#.....
#(...#....#...#..... .
#(...+....#...#..... ..
#...###..###..####..
...##...###..###..####..
.......J......#......#..
#...@......#.....>#..
#..........#......#..
#....)))...#......#..
#..........#......#..
#..#..#######...###..
####..# ###'####.. #....
#....#.... #....
#....#.... #.....
#....#....


You could see a jelly.

Vanquished Creatures
  A scorpion (D:4)
  A hound (D:3)
  A worker ant (D:4)
  2 adders
  3 worms
  3 dart slugs
  4 leopard geckos
  3 orcs (D:4)
  2 giant cockroaches
  4 goblins (D:1)
  2 hobgoblins (D:1)
  5 jackals (D:1)
  4 kobolds
  A ball python (D:1)
  4 bats
  5 frilled lizards
  A quokka skeleton (D:4)
  7 rats
53 creatures vanquished.

Notes
Turn   | Place    | Note
-------+----------+-------------------------------------------
     0 | D:1      | MrRokkomies the Gnoll Wanderer began the quest for the Orb.
     0 | D:1      | MrRokkomies set off with the following items: a +0 dagger,
                  | a potion of lignification, a scroll of teleportation, a +0
                  | robe, a +0 shield, a ration
     0 | D:1      | Reached XP level 1. HP: 20/20 MP: 1/1
   172 | D:1      | Reached XP level 2. HP: 26/26 MP: 2/2
   585 | D:1      | Reached XP level 3. HP: 24/31 MP: 3/3
  1140 | D:2      | Reached skill level 1 in Invocations
  1887 | D:3      | Found a faded altar of an unknown god.
  1891 | D:3      | Became a worshipper of Gozag Ym Sagoz the Greedy
  1913 | D:3      | Reached skill level 1 in Long Blades
  1913 | D:3      | Reached skill level 1 in Axes
  1913 | D:3      | Reached skill level 1 in Maces & Flails
  1913 | D:3      | Reached skill level 1 in Polearms
  1913 | D:3      | Reached skill level 1 in Staves
  1913 | D:3      | Reached skill level 1 in Slings
  1913 | D:3      | Reached skill level 1 in Crossbows
  1913 | D:3      | Reached skill level 1 in Throwing
  1913 | D:3      | Reached skill level 1 in Armour
  1913 | D:3      | Reached skill level 1 in Unarmed Combat
  1913 | D:3      | Reached skill level 1 in Spellcasting
  1913 | D:3      | Reached skill level 1 in Evocations
  1913 | D:3      | Reached XP level 4. HP: 27/38 MP: 5/5
  2060 | D:3      | Found an iron altar of Okawaru.
  2229 | D:3      | Found a hide-covered altar of Uskayaw.
  2230 | D:3      | Noticed a +0 hand axe
  2230 | D:3      | Noticed a +0 hand axe
  2691 | D:3      | Reached skill level 1 in Conjurations
  2691 | D:3      | Reached skill level 1 in Hexes
  2691 | D:3      | Reached skill level 1 in Charms
  2691 | D:3      | Reached skill level 1 in Summonings
  2691 | D:3      | Reached skill level 1 in Necromancy
  2691 | D:3      | Reached skill level 1 in Translocations
  2691 | D:3      | Reached skill level 1 in Transmutations
  2691 | D:3      | Reached skill level 1 in Fire Magic
  2691 | D:3      | Reached skill level 1 in Ice Magic
  2691 | D:3      | Reached skill level 1 in Air Magic
  2691 | D:3      | Reached skill level 1 in Earth Magic
  2691 | D:3      | Reached skill level 1 in Poison Magic
  2816 | D:4      | Gained mutation: Your spells are a little harder to cast,
                  | but a little more powerful. [potion of mutation]
  2816 | D:4      | Gained mutation: Potions are less effective at restoring
                  | your health. [potion of mutation]
  2816 | D:4      | Gained mutation: You are agile. (Dex +2) [potion of
                  | mutation]
  2816 | D:4      | Gained mutation: You have a pair of small antennae on your
                  | head. [potion of mutation]
  2838 | D:4      | Reached XP level 5. HP: 17/43 MP: 6/6
  3370 | D:4      | Lost mutation: You have a pair of small antennae on your
                  | head. [potion of mutation]
  3370 | D:4      | Lost mutation: Potions are less effective at restoring your
                  | health. [potion of mutation]
  3370 | D:4      | Lost mutation: Your spells are a little harder to cast, but
                  | a little more powerful. [potion of mutation]
  3370 | D:4      | Lost mutation: You are agile. (Dex +2) [potion of mutation]
  3370 | D:4      | Gained mutation: You have a pair of small horns on your
                  | head. [potion of mutation]
  3370 | D:4      | Gained mutation: Your flesh is heat resistant. (rF+)
                  | [potion of mutation]
  3370 | D:4      | Gained mutation: You evolve. [potion of mutation]
  3370 | D:4      | Gained mutation: You have a pair of horns on your head.
                  | [potion of mutation]
  3431 | D:4      | Splashed by a jelly's acid

Levels and vault maps discovered:
D:1:      scummos_arrival_gate, layout_loops_ring
D:2:      layout_rooms
D:3:      layout_basic, dancing_weapons_uskayaw, marbit_many_paths,
          chequers_ecumenical_altar_simple_redux
D:4:      layout_gridville

Skill      XL: |  1  2  3  4  5 |
---------------+----------------+-----
Invocations    | 1 |  1.7
Long Blades    | 1 |  1.5
Axes           | 1 |  1.5
Maces & Flails | 1 |  1.5
Polearms       | 1 |  1.5
Staves         | 1 |  1.5
Slings         | 1 |  1.5
Crossbows      | 1 |  1.5
Throwing       | 1 |  1.5
Armour         | 1 |  1.5
Unarmed Combat | 1 |  1.5
Spellcasting   | 1 |  1.5
Evocations     | 1 |  1.5
Conjurations   | 1 |  1.2
Hexes          | 1 |  1.2
Charms         | 1 |  1.2
Summonings     | 1 |  1.2
Necromancy     | 1 |  1.2
Translocations | 1 |  1.2
Transmutations | 1 |  1.2
Fire Magic     | 1 |  1.2
Ice Magic      | 1 |  1.2
Air Magic      | 1 |  1.2
Earth Magic    | 1 |  1.2
Poison Magic   | 1 |  1.2
Dodging        | 3 |  3.0
Shields        | 3 |  3.0
Fighting       | |  4.8
Short Blades   | |  4.8
Bows           | |  4.8
Stealth        | |  4.4

Action                   |  1- 3 |  4- 6 || total
-------------------------+-------+-------++-------
Melee: Dagger            |   209 |   247 ||   456
       Bite              |    24 |    25 ||    49
       Headbutt          |       |     7 ||     7
Throw: Stone             |     3 |    10 ||    13
       Throwing net      |     1 |       ||     1
  Use: Potion            |       |     5 ||     5
 Stab: Sleeping          |     5 |       ||     5
  Eat: Ration            |     1 |     2 ||     3
Armor: Ring mail         |    64 |       ||    64
       Chain mail        |    10 |    63 ||    73
       Skin              |       |    53 ||    53
Dodge: Dodged            |    57 |    20 ||    77
Block: Shield            |    69 |    63 ||   132

Table legend:
 A = Non-vault XP
 B = Vault XP
 C = Vault XP percentage of total XP
 D = Non-vault monster count
 E = Vault monster count
 F = Vault count percentage of total count
                 A         B        C        D         E       F
            +---------+---------+-------+---------+---------+-------
      Total |     269 |       2 |   0.7 |      52 |       1 |   1.9
            +---------+---------+-------+---------+---------+-------
        D:1 |      50 |       0 |   0.0 |      30 |       0 |   0.0
        D:2 |      23 |       0 |   0.0 |       5 |       0 |   0.0
        D:3 |      59 |       2 |   3.3 |       6 |       1 |  14.3
        D:4 |     137 |       0 |   0.0 |      11 |       0 |   0.0
            +---------+---------+-------+---------+---------+-------
